Unix NetHack Version 3.7.0-102 Work-in-progress - last build Apr 7 2024 00:22:53 (d302a6a9ff6341f1a922d8f5af178406b35fdf99,branch:master). Game began 2024-04-21 22:31:32, ended 2024-04-21 23:35:03. Ted, neutral male gnomish Wizard --------- ----- --.......------ ---..<| |..--.........|---....)| |..|---------.|....|..-- ---- ----.....-|.- .--|.......).|-- --...|....|.---- |.......-.--- .....|..| ------ -.h....-- |!%%!| ---.... ........| |..%.| -.......- -@@..--------|--- |...---... --..%|-...---.------ |....-|... --..|.........-|..| ....... .-...............-..| ...G... ...----....{.....----- ....... --.-- --..............| -...... |... |.........-----.| ---...- |.. -------..- |...| ---- |...| ----- Ted the Thaumaturge St:9 Dx:14 Co:17 In:17 Wi:9 Ch:7 Neutral S:4034 Dlvl:7 $:170 HP:0(55) Pw:4(58) AC:2 Xp:7/861 T:3311 Latest messages: In what direction? j The wand misses the watch captain. In what direction? j The spell hits the watch captain! In what direction? j The spell misses the watch captain. In what direction? j The spell hits the watch captain! In what direction? j The spell misses the watch captain. You hear someone cursing shoplifters. In what direction? j The spell misses the watch captain. In what direction? j The spell hits the watch captain! In what direction? j The spell misses the watch captain. In what direction? j The spell misses the watch captain. The spell hits the watchman! In what direction? j The spell misses the watch captain. The watchman wields a knife! What do you want to zap? [fwyBTX or ?*] ? Nothing happens. The watchman picks up a spear. What do you want to zap? [fwyBTX or ?*] T In what direction? n The sleep ray hits the watchman. The sleep ray bounces! You hit the watchman! The watchman wields a spear! The spear welds itself to the watchman's hand! You kill the watchman! You murderer! You miss the watch captain. You miss the watch captain. The watch captain swings her long sword. The watch captain hits! The watch captain swings her long sword. The watch captain hits again! The watch captain zaps a wand of sleep! The sleep ray hits you! The sleep ray bounces! The sleep ray hits you! You dream that you hear someone cursing shoplifters. The watch captain swings her long sword. The watch captain hits! You die... Do you want your possessions identified? [ynq] (y) q Inventory: Coins $ - 170 gold pieces Amulets N - an uncursed amulet of life saving Weapons t - a blessed +6 short sword (weapon in right hand) Armor C - an uncursed +0 pair of leather gloves (being worn) b - an uncursed +3 cloak of magic resistance (being worn) v - an uncursed +0 studded leather armor (being worn) Comestibles Q - an uncursed carrot A - an uncursed cram ration Scrolls r - a blessed scroll of confuse monster h - an uncursed scroll of create monster s - an uncursed scroll of earth i - an uncursed scroll of fire p - 5 uncursed scrolls of remove curse Spellbooks U - an uncursed spellbook of detect treasure u - an uncursed spellbook of extra healing Potions o - a cursed potion of gain level g - an uncursed potion of healing E - an uncursed potion of invisibility j - an uncursed potion of levitation l - an uncursed potion of speed F - an uncursed potion of water Rings x - an uncursed ring of conflict d - an uncursed ring of free action e - an uncursed ring of teleport control (on right hand) Wands w - a wand of digging (0:4) f - a wand of light (0:12) y - a wand of magic missile (0:0) T - a wand of sleep (0:2) B - a wand of speed monster (0:6) X - a wand of striking (0:0) Tools k - a bag of tricks (0:18) P - a horn of plenty (0:4) q - an uncursed bugle n - an uncursed blindfold m - a magic marker (0:20) Gems/Stones a - an uncursed fluorite stone z - an uncursed worthless piece of blue glass Ted the Wizard's attributes: Background: You were a Thaumaturge, a level 7 male gnomish Wizard. You were neutral, nominally on a mission for Thoth who was opposed by Ptah (lawful) and Anhur (chaotic). You were right-handed. You were in the Gnomish Mines, on level 7. You entered the dungeon 3311 turns ago. It was nighttime. You had 861 experience points, 419 more were needed to attain level 8. Your score was 4034 before end-of-game adjustments. Basics: You had 0 out of 55 hit points. You had 4 out of 58 energy points (spell power). Your armor class was 2. Your wallet contained 170 zorkmids. Autopickup was on for '$"=/!?' plus thrown. Final Characteristics: Your strength was 9 (limit:18/50). Your dexterity was 14 (limit:18). Your constitution was 17 (limit:18). Your intelligence was 17 (limit:19). Your wisdom was 9 (limit:18). Your charisma was 7 (peak:10, limit:18). Final Status: You weren't hungry. You were unencumbered. You were wielding a short sword. You had basic skill with short sword. Final Attributes: You had transgressed. You were magic-protected. You had infravision. You had teleport control. You were warded. You were very unlucky. You are dead. Miscellaneous: You never encountered a bones level. Total elapsed playing time was 1 hour, 3 minutes and 29 seconds. Major events: Turn 1: Ted the neutral male gnomish Wizard entered the dungeon 759: attained the rank of Conjurer (level 3) 1100: entered the Gnomish Mines 1362: read a Discworld novel 1421: stole 2913 zorkmids worth of merchandise from Sneem's second-hand bookstore 1735: stole 3649 zorkmids worth of merchandise from Annootok's general store 2163: attained the rank of Thaumaturge (level 6) 2586: reached Mine Town 3311: killed by a watch captain, while sleeping Vanquished creatures: 3 watchmen a dingo an imp 11 Mordor orcs an orc shaman a rock mole 2 ponies a gnome leader a Kop Lieutenant a kobold mummy an elf zombie a floating eye a kitten a homunculus a kobold shaman 11 hill orcs a rothe a giant bat 2 Kop Sergeants 2 orc zombies a wererat 3 iguanas 3 coyotes 3 gas spores 2 hobbits 2 hobgoblins 2 cave spiders 2 yellow molds 7 Keystone Kops 6 garter snakes 3 gnome zombies 6 geckos 2 jackals a fox 2 kobolds 2 goblins a sewer rat 5 grid bugs 4 lichens 2 kobold zombies 5 newts 109 creatures vanquished. No species were genocided or became extinct. Voluntary challenges: You were an atheist. You read items or engraved 37 times. You never engraved Elbereth. You never had a pet. You never genocided any monsters. You used no wishes. Achievements: You attained the rank of Conjurer. You entered a shop. You entered the Gnomish Mines. You read from a Discworld novel. You attained the rank of Thaumaturge. You entered Minetown. The Dungeons of Doom: levels 1 to 6 Level 1: Level 2: Level 3: Stairs down to The Gnomish Mines. Level 4: Level 6: The Gnomish Mines: levels 4 to 7 Level 4: Level 5: Level 6: Level 7: <- You were here. A fountain. Final resting place for you, killed by a watch captain, while sleeping. Game over: ---------- / \ / REST \ / IN \ / PEACE \ / \ | Ted | | 170 Au | | killed by a | | watch captain | | | | | | 2024 | *| * * * | * _________)/\\_//(\/(/\)/\//\/|_)_______ Goodbye Ted the Wizard... You died in The Gnomish Mines on dungeon level 7 with 4017 points, and 170 pieces of gold, after 3311 moves. You were level 7 with a maximum of 55 hit points when you died.